 Dungeon Crawl Stone Soup version 0.17.1-1-g73c8601 (webtiles) character file.

235 Peloso the Shield-Bearer (level 5, -1/70 HPs)
             Began as a Minotaur Fighter on Dec 29, 2015.
             Slain by Sigmund
             ... wielding a +3 scythe of venom
              (2 damage)
             ... on level 4 of the Dungeon.
             The game lasted 00:08:07 (2521 turns).

Peloso the Shield-Bearer (Minotaur Fighter)         Turns: 2521, Time: 00:08:07

Health: -1/70      AC: 22    Str: 21    XL:     5   Next: 76%
Magic:  4/4        EV:  2    Int:  5    God:
Gold:   189        SH: 10    Dex: 10    Spells: 0 memorised, 4 levels left

rFire  + . .     SeeInvis .     a - +0 long sword
rCold  . . .     Clarity  .     (armour currently unavailable)
rNeg   + + +     SustAt   .     c - +0 shield
rPois  +         Gourm    .     (helmet currently unavailable)
rElec  .         Spirit   .     (cloak currently unavailable)
rCorr  .         Warding  .     (gloves currently unavailable)
rMut   .         NoTele   +     (boots currently unavailable)
MR     .....                    (no amulet)
Stlth  +.........               u - ring of fire
                                n - ring of protection from cold

@: lethally poisoned (-1 -> -9), tree-form, hasted, very quick, not resistant to
hostile enchantments, very unstealthy
A: (retaliatory headbutt), (horns 0), (poison resistance)
a: no special abilities


You were on level 4 of the Dungeon.
You were not hungry.
You were a tree.
You visited 1 branch of the dungeon, and saw 4 of its levels.

You collected 189 gold pieces.

Inventory:

Hand Weapons
 a - a +0 long sword (weapon)
Armour
 b - a +0 scale mail
 c - a +0 shield (worn)
 o - a +0 chain mail (melded)
Jewellery
 n - a ring of protection from cold (left branch)
 u - a ring of fire (right branch)
Scrolls
 f - 6 scrolls of identify {unknown}
 h - a scroll of blinking {unknown}
 i - a scroll of fog {unknown}
 q - a scroll of teleportation {unknown}
 r - a scroll of immolation {unknown}
 w - a scroll of remove curse {unknown}
 y - a scroll of enchant weapon {unknown}
Potions
 d - a potion of might
 g - a potion of magic
 j - 2 potions of beneficial mutation
 m - a potion of resistance {unknown}
 v - a potion of lignification
Comestibles
 e - 4 bread rations
 k - 5 fruits
 l - 2 chunks of flesh
 s - a meat ration
 x - a beef jerky


   Skills:
 + Level 4.5 Fighting
 + Level 3.4 Long Blades
 + Level 5.0 Armour
 + Level 1.9 Dodging
 + Level 0.1 Stealth
 + Level 5.3 Shields


You had 4 spell levels left.
You didn't know any spells.

Dungeon Overview and Level Annotations

Branches:
Dungeon (4/15)
 Temple: D:4-7

Altars:

Annotations:
D:4 Sigmund


Innate Abilities, Weirdness & Mutations

((You reflexively headbutt those who attack you in melee.))
((You have a pair of horns on your head.))
((Your system is resistant to poisons.))


Message History

* * * LOW HITPOINT WARNING * * *
You feel sick. The worm bites you but does no damage.
Something hits you but does no damage.
Drink which item? (? for menu, Esc to quit)
It was a potion of flight.
Your roots keep you in place.
* * * LOW HITPOINT WARNING * * *
You feel sick.
The worker ant twitches its antennae in your direction.
Drink which item? (? for menu, Esc to quit)
It was a potion of poison.
You feel slightly nauseous.
* * * LOW HITPOINT WARNING * * *
You feel sick.
You hear some strange, mumbled words.
A magic dart appears from out of thin air!
The magic dart hits you! The worm bites you but does no damage.
Drink which item? (? for menu, Esc to quit)
It was a potion of haste.
You feel yourself speed up.
* * * LOW HITPOINT WARNING * * *
You feel sick. Something hits you.
You die...

## ..# ..## ....
####..
#######...######
........w.......
.......♣{a......
#######.#.######
###########.#.####
####..................
#....#########++######
#....## ###.....#
.†.##...# ##.##...#


You could see a worm and a worker ant.

Vanquished Creatures
  2 orc wizards (D:3)
  A worker ant (D:4)
  An orc priest (D:3)
  3 gnolls (D:3)
  3 adders
  An ooze (D:3)
  A worm (D:2)
  2 giant geckos
  8 orcs (D:3)
  7 bats
  2 giant cockroaches
  7 goblins
  A hobgoblin (D:1)
  2 quokkas
  A giant gecko skeleton (D:4)
  4 giant newts
  3 kobolds
  7 rats
56 creatures vanquished.

Notes
Turn   | Place    | Note
--------------------------------------------------------------
     0 | D:1      | Peloso the Minotaur Fighter began the quest for the Orb.
     0 | D:1      | Reached XP level 1. HP: 19/19 MP: 0/0
   574 | D:1      | Reached XP level 2. HP: 27/27 MP: 1/1
   837 | D:2      | Reached skill level 4 in Shields
   842 | D:2      | Reached XP level 3. HP: 33/33 MP: 2/2
  1353 | D:2      | Reached skill level 1 in Dodging
  1573 | D:3      | Reached XP level 4. HP: 40/40 MP: 3/3
  1587 | D:3      | Reached skill level 5 in Shields
  1641 | D:3      | Reached XP level 5. HP: 38/47 MP: 4/4
  2480 | D:4      | Reached skill level 5 in Armour
  2504 | D:4      | Noticed Sigmund
  2516 | D:4      | Gained mutation: Your system is resistant to poisons. [potion of beneficial mutation]
  2518 | D:4      | HP: 3/70 [poisoned by Sigmund]
  2521 | D:4      | HP: 1/70 [poisoned by Sigmund]
  2521 | D:4      | Slain by Sigmund

Action                   |  1- 3 |  4- 6 || total
-------------------------+-------+-------++-------
Melee: Long sword        |    71 |    98 ||   169
  Use: Potion            |       |     6 ||     6
  Eat: Chunk             |     2 |     3 ||     5
